 Dungeon Crawl Stone Soup version 0.26-a0-1161-g0398aca569 (webtiles) character file.

Game seed: 7791563406215381957

9302 Delamore the Basher (level 11, -2/69 HPs)
             Began as a Gargoyle Fighter on Dec 23, 2020.
             Was an Elder of Qazlal.
             Slain by a five-headed hydra (8 damage)
             ... on level 2 of the Lair of Beasts.
             The game lasted 00:11:08 (9468 turns).

Delamore the Basher (Gargoyle Fighter)              Turns: 9468, Time: 00:11:08

Health: -2/69      AC: 18    Str: 29    XL:     11   Next: 44%
Magic:  0/20       EV:  7    Int:  8    God:    Qazlal [****..]
Gold:   470        SH: 17    Dex:  9    Spells: 10/10 levels left

rFire    . . .     SeeInvis .   w - +8 dagger of the End {venom, Str+5}
rCold    + . .     Faith    .   c - +0 kite shield
rNeg     + . .     Spirit   +   k - +0 chain mail rPois āˆž Reflect .
                                (no helmet)
rElec    +         Harm     .   (no cloak)
rCorr    .         Rampage  .   p - +0 pair of gloves
Will     .....                  (no boots)
Stlth    ..........             l - amulet of guardian spirit
HPRegen  0.21/turn              q - ring of protection from cold
MPRegen  0.17/turn              v - ring of magical power

@: repel missiles
A: negative energy resistance 1, electricity resistance, unbreathing,
petrification resistance, miasma immunity, AC +8
a: Renounce Religion, Upheaval, Elemental Force


You were on level 2 of the Lair of Beasts.
You worshipped Qazlal.
Qazlal was greatly pleased with you.
You visited 3 branches of the dungeon, and saw 11 of its levels.
You also visited: Sewer.

You collected 641 gold pieces.
You spent 171 gold pieces at shops.

Inventory:

Hand Weapons
 a - a +0 flail
 w - the +8 dagger of the End (weapon) {venom, Str+5}
   (You found it on level 5 of the Dungeon)

   It poisons the flesh of those it strikes.
   It affects your strength (+5).
Missiles
 s - 17 poisoned darts (quivered)
 D - 8 atropa-tipped darts
 E - a throwing net
Armour
 b - a +0 scale mail
 c - a +0 kite shield (worn)
 k - a +0 chain mail (worn)
 p - a +0 pair of gloves (worn)
Jewellery
 l - an amulet of guardian spirit (around neck)
 q - a ring of protection from cold (left hand)
 v - a ring of magical power (right hand)
 G - an uncursed ring of protection from cold
Wands
 f - a wand of iceblast (4)
 h - a wand of random effects (45)
 t - a wand of disintegration (21)
 H - a wand of paralysis (6)
Scrolls
 e - 3 scrolls of amnesia
 i - 3 scrolls of enchant weapon
 m - 5 scrolls of remove curse {unknown}
 n - 3 scrolls of enchant armour
 r - 5 scrolls of teleportation
 u - 2 scrolls of fear
 x - 2 scrolls of magic mapping
 y - 2 scrolls of blinking
 C - a scroll of noise
 F - a scroll of torment {unknown}
 J - a scroll of random uselessness {unknown}
Potions
 d - 3 potions of might
 g - 5 potions of brilliance
 j - 3 potions of degeneration
 o - a potion of magic
 z - a potion of haste
 A - 2 potions of flight
 I - 2 potions of attraction


   Skills:
 + Level 8.6 Fighting
 - Level 14.0 Maces & Flails
 - Level 3.2 Armour
 + Level 8.5 Shields


You had 10 spell levels left.
You didn't know any spells.
Your spell library contained the following spells:

 Spells                   Type           Power        Failure   Level
 Freeze                   Ice            0%           99%         1
 Confusing Touch          Hex            0%           100%        3
 Frozen Ramparts          Ice            0%           100%        3
 Gell's Gravitas          Tloc           0%           100%        3
 Ozocubu's Armour         Ice            0%           100%        3
 Cause Fear               Hex            0%           100%        4
 Hailstorm                Conj/Ice       0%           100%        4
 Petrify                  Tmut/Erth      0%           100%        4
 Summon Ice Beast         Ice/Summ       0%           100%        4
 Metabolic Englaciation   Hex/Ice        0%           100%        5
 Silence                  Hex/Air        0%           100%        5
 Yara's Violent Unravell  Hex/Tmut       0%           100%        5
 Discord                  Hex            0%           100%        8


Dungeon Overview and Level Annotations

Branches:
Dungeon (8/15)             Temple (1/1) D:4            Lair (2/6) D:8
  Sewer (visited)
  Swamp: Lair:2-4    Shoals: Lair:2-4     Snake: Lair:2-4    Spider: Lair:2-4

Altars:
Ashenzari
Dithmenos
Elyvilon
Fedhas
Kikubaaqudgha
Makhleb
Nemelex Xobeh
Okawaru
Qazlal
Sif Muna
Trog
Uskayaw
Vehumet
Wu Jian
Xom
Yredelemnul
Zin
The Shining One

Shops:
D:5 ?(*?   D:6 :


Innate Abilities, Weirdness & Mutations

You are resistant to torment.
Your stone body is resilient. (AC +8)
You are immune to poison.
You resist negative energy. (rN+)
You are resistant to electric shocks. (rElec)
You can survive without breathing.
You are immune to petrification.
You are immune to miasma.


Message History

The five-headed hydra bites you but does no damage.
You block the five-headed hydra's attack.
The five-headed hydra bites you but does no damage.
You hit the five-headed hydra.
The five-headed hydra is heavily wounded.
You block the five-headed hydra's attack. x3
The five-headed hydra bites you.
* * * LOW HITPOINT WARNING * * *
You block the five-headed hydra's attack.
You barely miss the five-headed hydra.
The five-headed hydra is heavily wounded.
A bullfrog comes into view.
You block the five-headed hydra's attack.
The five-headed hydra bites you.
* * * LOW HITPOINT WARNING * * *
The five-headed hydra bites you.
* * * LOW HITPOINT WARNING * * *
The five-headed hydra bites you but does no damage.
The five-headed hydra bites you!
You die...

.. #.. ###..#
......######
.....P.P##@##
......P.##Dā—‹##..#
......P...F.......
......P..#####..##
.....+.## .# ....
### # ..


You could see a five-headed hydra (extremely poisoned) and a bullfrog.

Vanquished Creatures
  A black mamba (Lair:1)
  Joseph (D:8)
  A torpor snail (Lair:2)
  2 cane toads (Lair:1)
  2 komodo dragons (Lair:1)
  A troll (D:8)
  3 blink frogs (Lair:1)
  Prince Ribbit (D:5)
  A wyvern (Lair:1)
  Eustachio (D:5)
  15 yaks
  Menkaure (D:4)
  2 water moccasins
  4 phantoms
  3 orc warriors
  A sky beast (D:7)
  3 ogres
  A wolf (D:8)
  3 centaurs
  A big kobold (Sewer)
  7 bullfrogs
  A gnoll sergeant (D:6)
  A scorpion (D:7)
  3 wights (D:6)
  2 howler monkeys
  3 electric eels (D:8)
  2 centaur zombies
  A quasit (D:8)
  A bullfrog skeleton (D:4)
  A jelly (D:8)
  5 orc wizards
  2 centaur skeletons (D:7)
  An orc priest (D:5)
  7 hounds
  Ijyb (D:5)
  5 iguanas
  5 worker ants
  A hound skeleton (D:4)
  A worker ant zombie (D:5)
  17 gnolls
  2 river rats (Sewer)
  9 adders
  4 shadow imps
  2 white imps
  3 oozes
  4 adder skeletons
  4 worms
  2 dart slugs (D:2)
  8 leopard geckos
  19 orcs
  5 ball pythons
  5 bats
  3 giant cockroaches
  4 hobgoblins
  5 jackals
  3 quokkas
  7 frilled lizards
  13 goblins
  14 kobolds
  7 rats
238 creatures vanquished.

Vanquished Creatures (others)
  14 fungi
  6 plants
20 creatures vanquished.

Grand Total: 258 creatures vanquished

Notes
Turn   | Place    | Note
-------+----------+-------------------------------------------
     0 | D:1      | Delamore the Gargoyle Fighter began the quest for the Orb.
     0 | D:1      | Reached XP level 1. HP: 14/14 MP: 1/1
   182 | D:1      | Reached XP level 2. HP: 10/19 MP: 2/2
   565 | D:1      | Reached XP level 3. HP: 24/24 MP: 3/3
  1271 | D:2      | Reached XP level 4. HP: 29/29 MP: 4/4
  1352 | D:2      | Reached skill level 3 in Maces & Flails
  2132 | D:4      | Noticed a centaur
  2287 | D:4      | Killed a centaur
  2288 | D:4      | Reached XP level 5. HP: 15/34 MP: 1/5
  2477 | D:4      | Noticed an ogre
  2486 | D:4      | Killed an ogre
  2487 | D:4      | Reached skill level 5 in Fighting
  2487 | D:4      | Reached skill level 4 in Maces & Flails
  2487 | D:4      | Reached skill level 5 in Shields
  2487 | D:4      | Reached XP level 6. HP: 28/40 MP: 3/6
  2863 | D:4      | Reached skill level 5 in Maces & Flails
  3362 | D:4      | Reached XP level 7. HP: 38/44 MP: 5/7
  3436 | D:4      | Found a staircase to the Ecumenical Temple.
  3451 | Temple   | Entered the Ecumenical Temple
  3641 | Temple   | Became a worshipper of Qazlal Stormbringer
  3732 | D:4      | Noticed Menkaure
  3741 | D:4      | Killed Menkaure
  3742 | D:4      | Reached skill level 6 in Maces & Flails
  4038 | D:5      | Entered Level 5 of the Dungeon
  4040 | D:5      | Noticed Eustachio
  4071 | D:5      | Killed Eustachio
  4072 | D:5      | Reached skill level 7 in Maces & Flails
  4077 | D:5      | Got a brightly glowing dagger
  4078 | D:5      | Identified the +8 dagger of the End {venom, Str+5} (You
                  | found it on level 5 of the Dungeon)
  4145 | D:5      | Noticed Ijyb
  4157 | D:5      | Killed Ijyb
  4163 | D:5      | Reached XP level 8. HP: 42/49 MP: 6/8
  4187 | D:5      | Found a glowing drain.
  4199 | Sewer    | Entered a sewer
  4486 | Sewer    | Reached skill level 8 in Maces & Flails
  4499 | Sewer    | Reached * piety under Qazlal
  4600 | D:5      | Found a white marble altar of Elyvilon.
  4777 | D:5      | Found Geofom's Magic Scroll Shop.
  4812 | D:5      | Bought a scroll of blinking for 82 gold pieces
  4812 | D:5      | Bought a scroll of noise for 11 gold pieces
  4812 | D:5      | Bought a scroll of identify for 22 gold pieces
  4972 | D:5      | Noticed Prince Ribbit
  4973 | D:5      | Found Keisaz's Weapon Boutique.
  4983 | D:5      | Killed Prince Ribbit
  4984 | D:5      | Reached skill level 9 in Maces & Flails
  5094 | D:5      | Found Kiawus's Assorted Antiques.
  5213 | D:5      | Found Naus's Magic Scroll Emporium.
  5220 | D:5      | Bought a scroll of identify for 28 gold pieces
  5220 | D:5      | Bought a scroll of identify for 28 gold pieces
  5409 | D:5      | Reached skill level 10 in Maces & Flails
  5454 | D:5      | Reached XP level 9. HP: 22/54 MP: 9/9
  5764 | D:6      | Reached ** piety under Qazlal
  5773 | D:6      | Reached skill level 11 in Maces & Flails
  6176 | D:6      | Found an iron altar of Okawaru.
  6346 | D:6      | Found a bloodstained altar of Trog.
  6349 | D:6      | Found a shadowy altar of Dithmenos.
  6406 | D:6      | Found a glowing silver altar of Zin.
  6406 | D:6      | Noticed an angel
  6419 | D:6      | Found Louho Asoid's Book Boutique.
  6565 | D:7      | Reached skill level 12 in Maces & Flails
  6576 | D:7      | Reached *** piety under Qazlal
  7316 | D:8      | Reached XP level 10. HP: 58/59 MP: 10/10
  7419 | D:8      | Reached skill level 13 in Maces & Flails
  7579 | D:8      | Noticed Joseph
  7593 | D:8      | Killed Joseph
  7605 | D:8      | Found a staircase to the Lair.
  7961 | D:8      | Found a glowing golden altar of the Shining One.
  8126 | Lair:1   | Entered Level 1 of the Lair of Beasts
  8163 | Lair:1   | Reached **** piety under Qazlal
  8188 | Lair:1   | Noticed a cane toad
  8210 | Lair:1   | Killed a cane toad
  8253 | Lair:1   | Noticed a black mamba
  8261 | Lair:1   | Killed a black mamba
  8289 | Lair:1   | Noticed a cane toad
  8294 | Lair:1   | Killed a cane toad
  8295 | Lair:1   | Reached skill level 14 in Maces & Flails
  8295 | Lair:1   | Reached XP level 11. HP: 27/66 MP: 11/11
  9420 | Lair:2   | Noticed a five-headed hydra
  9421 | Lair:2   | HP: 3/69 [yak[a torpor snail] (6)]
  9468 | Lair:2   | Slain by a five-headed hydra

Illustrated notes

Levels and vault maps discovered:
D:1:      erik_arrival_blinker_ship, layout_loops_corners
D:2:      layout_basic, minmay_pentomino_s4
D:3:      layout_loops_cross
D:4:      layout_gridville, minmay_temple_entry_statues_fountains,
          feat_on_display, uniq_menkaure
D:5:      layout_loops_cross, lemuel_doored_altar, cheibrodos_sewer_entry_bend,
          serial_shops, shop, shop_statue, nicolae_shop_window_shopping,
          nicolae_shop_overgrown_old_shop, nicolae_underground_beach,
          uniq_prince_ribbit1, uniq_ijyb, uniq_eustachio
D:6:      layout_cave_pools, zin_angel, minitemple, serial_shops,
          kennysheep_mini_moat, grunt_ministairs_7
D:7:      layout_basic, skrybe_limestone_x, roderic_cross_of_infinity,
          minmay_misc_feat_ornament, minmay_misc_feat_tiny
D:8:      layout_basic, nicolae_overflow_hidden_temple, erik_lair_island,
          serial_corexii_hall, corexii_hall_statues_i, corexii_hall_statues_s,
          serial_park_tiny_1, uniq_joseph
Temple:   minmay_temple_bridge_abc
Lair:1:   layout_gridlike
Lair:2:   layout_roguey, roderic_carrion_pond, grunt_megastairs_2

Skill      XL: |  1  2  3  4  5  6  7  8  9 10 11 |
---------------+----------------------------------+-----
Fighting       | 4 5 6 8 |  8.6
Shields        | 4 5 6 8 |  8.5
Maces & Flails | 3 4 5 7 10 12 14 | 14.0
Armour         | |  3.2

Action                   |  1- 3 |  4- 6 |  7- 9 | 10-12 || total
-------------------------+-------+-------+-------+-------++-------
Melee: Flail             |   112 |   149 |    48 |       ||   309
       Dagger            |       |       |   396 |   216 ||   612
Throw: Dart              |       |    24 |     3 |       ||    27
  Use: Scroll            |       |       |    12 |     2 ||    14
       Potion            |       |       |       |     3 ||     3
Armor: Scale mail        |    47 |       |       |       ||    47
       Chain mail        |    13 |    95 |   233 |   139 ||   480
Dodge: Dodged            |    26 |    36 |    93 |    45 ||   200
Block: Kite shield       |    68 |    87 |   272 |   234 ||   661

Table legend: (Time is in decaauts)
 A = Elapsed time spent in this place.
 B = Non-inter-level travel time spent in this place.
 C = Inter-level travel time spent in this place.
 D = Time resting spent in this place.
 E = Time spent auto-exploring this place.
 F = Levels seen in this place.
 G = Mean time per level.
                   A        B        C        D        E       F      G
               +--------+--------+--------+--------+--------+-----+--------+
         Total |   9670 |   9281 |    389 |    531 |   6845 |  12 |  805.8 |
       Dungeon |   7680 |   7317 |    363 |    463 |   5361 |   8 |  960.0 |
        Temple |    210 |    191 |     19 |      0 |    183 |   1 |  210.0 |
          Lair |   1357 |   1350 |      7 |     68 |   1057 |   2 |  678.5 |
         Sewer |    422 |    422 |      0 |      0 |    243 |   1 |  422.0 |
               +--------+--------+--------+--------+--------+-----+--------+

Top non-repeatable levels by time:
     D:4: 1343 daAuts
  Lair:1: 1289 daAuts
     D:5: 1164 daAuts
     D:3: 1093 daAuts
     D:1: 1080 daAuts
     D:6: 938 daAuts
     D:8: 912 daAuts
     D:7: 745 daAuts
   Sewer: 422 daAuts
     D:2: 401 daAuts
  Temple: 210 daAuts
  Lair:2: 68 daAuts
